AoeStats
← 🅡🅐🅨🅖🅞🅝

Arabia

508033086Analyzed
1v1 RM · 11d ago on Sep 20, 2026· 60m 4s· 2 players
Game mode
Random Map
Map size
Tiny (2 player)
Population
200
Speed
Normal
Resources
Standard
Victory
Conquest
Starting age
Dark Age
Ending age
Imperial Age
RankedLock teamsTeams togetherTeam positionsShared explorationLock speedFull tech treeHidden civsTurbo modeCheats
Victory
Defeat
🇨🇴 Berbers · Colombia
760
+18
794
-45
david.fsp23
1:05 Loom
10:46 Feudal Age
12:01 Double-Bit Axe
15:41 Scale Mail Armor
15:56 Bloodlines
18:14 Scale Barding Armor
20:48 Forging
22:30 Horse Collar
24:08 Wheelbarrow
23:56 Town Watch
26:13 Castle Age
24:46 Padded Archer Armor
24:36 Fletching
27:48 Thumb Ring
27:47 Husbandry
28:16 Crossbowman
29:19 Bow Saw
31:58 Light Cavalry
36:17 Hand Cart
35:47 Town Watch
40:19 Imperial Age
38:13 Ballistics
39:41 Town Patrol
42:17 Bodkin Arrow
44:19 Leather Archer Armor
44:21 Chain Mail Armor
48:04 Maghrebi Camels
47:28 Heavy Camel Rider
47:49 Elite Skirmisher
49:16 Bracer
49:46 Ring Archer Armor
49:52 Iron Casting
49:47 Plate Mail Armor
50:41 Pikeman
53:06 Chemistry
52:18 Masonry
52:44 Plate Mail Armor
52:34 Chain Barding Armor
🅡🅐🅨🅖🅞🅝
10:47 Feudal Age
11:10 Horse Collar
11:17 Double-Bit Axe
11:47 Loom
16:18 Wheelbarrow
22:50 Castle Age
22:49 Scale Barding Armor
23:51 Heavy Plow
24:03 Bow Saw
24:47 Light Cavalry
29:04 Hand Cart
29:10 Forging
29:01 Scale Mail Armor
29:21 Chain Barding Armor
28:52 Fletching
29:02 Padded Archer Armor
30:07 Pikeman
30:48 Squires
33:52 Crossbowman
34:52 Leather Archer Armor
36:21 Bodkin Arrow
36:42 Chain Mail Armor
37:02 Iron Casting
42:54 Imperial Age
40:40 Husbandry
43:58 Cavalier
48:01 Ballistics
49:28 Town Watch
53:25 Arbalester
55:20 Masonry
55:58 Heavy Scorpion
Connection lost

Rejoining the realm…

Still unreachable

The connection could not be restored.

Session expired

The server has moved on; the page needs a fresh start.